 Dungeon Crawl Stone Soup version 0.16-b1 (console) character file.

160 siepu the Slasher (level 5, 0/26 HPs)
             Began as a Vine Stalker Warper on Mar 14, 2015.
             Succumbed to an orc wizard's poison
             ... on level 4 of the Dungeon.
             The game lasted 00:05:50 (2664 turns).

siepu the Slasher (Vine Stalker Warper)             Turns: 2664, Time: 00:05:50

Health: 0/26       AC:  5    Str: 18    XL:     5   Next: 41%
Magic:  11/11      EV: 12    Int: 13    God:
Gold:   197        SH:  0    Dex: 15    Spells: 2 memorised, 5 levels left

rFire  . . .     SeeInvis .     a - +0 falchion
rCold  . . .     Clarity  .     b - +1 leather armour
rNeg   . . .     SustAb   .     (no shield)
rPois  .         Gourm    .     (no helmet)
rElec  .         Spirit   +     (no cloak)
rCorr  .         Warding  .     (no gloves)
rMut   .         Stasis   .     y - +0 pair of boots {aux}
MR     .....                    (no amulet)
Stlth  ++........               g - ring of flight
                                s - ring of stealth

@: mighty, lethally poisoned (0 -> -19), slowed, very slow, not resistant to
hostile enchantments, unstealthy
A: fangs 2, regeneration 1, magic shield, antimagic bite, no device heal 3, rot
immunity
a: Evoke Flight


You were on level 4 of the Dungeon.
You were not hungry.

You visited 1 branch of the dungeon, and saw 4 of its levels.

You collected 197 gold pieces.


Innate Abilities, Weirdness & Mutations

You have extremely sharp teeth.
Your natural rate of healing is unusually fast.
When hurt, damage is shared between your health and your magic reserves.
Your bite disrupts and absorbs the magic of your enemies.
Potions and wands cannot restore your health.
You are immune to rotting.


   Skills:
 - Level 1.7 Fighting
 + Level 5.0 Long Blades
 - Level 0.8 Throwing
 - Level 0.7 Armour
 - Level 1.5 Dodging
 - Level 2.1 Spellcasting
 - Level 3.0 Translocations


You had 5 spell levels left.
You knew the following spells:

 Your Spells              Type           Power        Failure   Level  Hunger
a - Apportation           Tloc           #.........   10%         1    ##.....
b - Blink                 Tloc           N/A          14%         2    ###....

Inventory:

Hand weapons
 a - a +0 falchion (weapon)
Missiles
 e - 5 tomahawks of dispersal {=f}
 i - 106 stones (quivered)
 q - 19 poisoned needles
Armour
 b - a +1 leather armour (worn)
 v - a +0 buckler
 y - a +0 pair of boots (worn) {aux}
Jewellery
 g - a ring of flight (right hand)
   (You found it on level 1 of the Dungeon)
 s - a ring of stealth (left hand)
   (You took it off a goblin on level 1 of the Dungeon)
 t - an uncursed ring of ice
   (You found it on level 2 of the Dungeon)
Scrolls
 d - 2 scrolls of blinking {!r}
 k - a scroll of enchant armour {!r}
 w - 3 scrolls of identify {!r, unknown}
 x - a scroll of teleportation {!r, unknown}
 D - a scroll of amnesia {!r, unknown}
Potions
 h - 2 potions of might {!q}
 m - a potion of haste {!q, unknown}
 o - 2 potions of curing {!q, unknown}
 p - a potion of agility {!q, unknown}
 r - 2 potions of flight {!q, unknown}
 u - a potion of heal wounds {!q, unknown}
 z - a potion of brilliance {!q, unknown}
 A - a potion of cure mutation {!q, unknown}
 C - a potion of resistance {!q, unknown}
Books
 c - a book of Spatial Translocations

   Spells                             Type                      Level
   a - Apportation                    Translocation                1
   b - Blink                          Translocation                2
   c - Shroud of Golubria             Charms/Translocation         2
   d - Portal Projectile              Translocation                3
   e - Teleport Other                 Translocation                3
   f - Passage of Golubria            Translocation                4
Comestibles
 f - a bread ration {!e}
 j - 2 meat rations {!e}
 l - 2 slices of pizza {!e}
 n - 5 fruits {!e}


Message History

The bat zombie hits you but does no damage. x2
You barely miss the bat zombie. The bat zombie barely misses you.
The bat zombie barely misses you. x2
You hit the bat zombie.
You destroy the bat zombie!
You hit the rat zombie. The rat zombie bites you.
You barely miss the rat zombie.
The rat zombie bites you but does no damage.
You hit the rat zombie. You bite the rat zombie. You drain its power.
The rat zombie barely misses you.
You hit the rat zombie.
You destroy the rat zombie!
No target in view!
Eat a chunk of flesh {!e}? (ye/n/q/i?) This raw flesh tastes terrible.
You continue eating. x2
Found an ancient bone altar of Kikubaaqudgha.
You see here a dagger.
An orc wizard comes into view. It is wielding a dagger.
The orc wizard points at you and mumbles some strange words.
The magic dart hits you!
Found a murky amethyst potion.
The orc wizard gestures wildly while chanting.
The orc wizard seems to speed up.
The orc wizard casts a spell at you.
You feel yourself slow down.
An orc wizard comes into view. It is wielding a dagger of venom.
The orc wizard shouts!
The orc wizard moves out of view.
The orc wizard gestures at you while chanting.
The magic dart hits you!
The orc wizard casts a spell.
The orc wizard blinks!
The orc wizard hits you with a dagger of venom.
You are poisoned.
The orc wizard hits you but does no damage.
You are more poisoned.
You hit the orc wizard.
The orc wizard is lightly wounded.
You feel sick. The orc wizard casts a spell at you.
You feel as though you will be slow longer.
You hit the orc wizard.
The orc wizard is moderately wounded.
You feel sick.
The orc wizard gestures wildly while chanting.
The orc wizard blinks!
The orc wizard gestures wildly while chanting.
The orc wizard blinks!
The orc wizard casts a spell at you. You resist with some effort.
You hear a shout!
An orc comes into view.
You feel sick.
The orc wizard points at you and mumbles some strange words.
The magic dart hits you!
You feel sick.
Read which item? (? for menu, Esc to quit)
Okay, then.
Cast which spell? (? or * to list)
Okay, then.
The orc wizard casts a spell.
The orc wizard blinks!
You hit the orc wizard.
The orc wizard is heavily wounded.
You feel sick.
The orc wizard hits you but does no damage.
You closely miss the orc wizard.
The orc wizard is heavily wounded.
You feel sick.
The orc wizard hits you but does no damage.
The orc wizard hits you with a dagger of venom.
You are more poisoned.
You hit the orc wizard.
The orc wizard is severely wounded.
You feel sick.
The orc wizard hits you with a dagger of venom.
You are more poisoned.
You barely miss the orc wizard.
You bite the orc wizard, but do no damage.
The orc wizard is severely wounded.
* * * LOW HITPOINT WARNING * * *
You feel sick.
The orc wizard is no longer moving quickly.
The orc wizard hits you but does no damage.
You are more poisoned.
The orc wizard hits you but does no damage.
Drink which item? (? for menu, Esc to quit)
Really quaff
h - 3 cyan potions {!q}?
It was a potion of might {!q}.
You feel very mighty all of a sudden.
* * * LOW HITPOINT WARNING * * *
You feel very sick. The orc wizard closely misses you.
You miss the orc wizard. You bite the orc wizard.
The orc wizard's magic leaks into the air.
You drain its magic.
You feel invigorated.
You kill the orc wizard!
Your Long Blades skill increases to level 5!
You die...

#.# #.# ######.#
#...##.##### #
#.......ยง.o###!##.#..
#...##o###...o.......
##.###o# ###.........
#.# #)# #.######. #.#
#@# #.# #.# #.# #.#
#.# #.# #.# #.# #.#
#.# #.# #.# #.# #.#
#.# #.. #.# #.# #.#
#.# #.###.#


You could see an orc wizard and an orc.

Vanquished Creatures
  An orc wizard (D:4)
  5 adders
  A giant mite (D:4)
  A worm (D:3)
  5 giant geckos
  An ooze (D:3)
  6 orcs (D:3)
  A ball python (D:2)
  A bat zombie (D:4)
  A giant cockroach (D:1)
  4 hobgoblins
  2 jackals (D:3)
  5 kobolds
  A quokka (D:2)
  11 bats
  12 goblins
  7 rats
  2 rat zombies (D:4)
67 creatures vanquished.

Notes
Turn   | Place    | Note
--------------------------------------------------------------
     0 | D:1      | siepu, the Vine Stalker Warper, began the quest for the Orb.
     0 | D:1      | Reached XP level 1. HP: 11/11 MP: 3/3
   179 | D:1      | Reached XP level 2. HP: 13/15 MP: 5/5
   632 | D:2      | Found an iron altar of Okawaru.
   640 | D:2      | Reached skill level 3 in Long Blades
   640 | D:2      | Reached XP level 3. HP: 18/18 MP: 7/7
   718 | D:2      | Found an opulent altar of Gozag.
  1354 | D:2      | Learned a level 2 spell: Blink
  1616 | D:3      | Reached XP level 4. HP: 23/23 MP: 8/8
  1913 | D:3      | Reached skill level 4 in Long Blades
  2295 | D:3      | Reached XP level 5. HP: 20/26 MP: 6/11
  2388 | D:4      | Found a staircase to the Ecumenical Temple.
  2390 | D:4      | Noticed Dowan
  2392 | D:4      | Noticed Duvessa
  2579 | D:4      | Found an ancient bone altar of Kikubaaqudgha.
  2663 | D:4      | HP: 3/26 [poisoned by an orc wizard]
  2664 | D:4      | Reached skill level 5 in Long Blades
  2664 | D:4      | Succumbed to an orc wizard's poison

Vault maps used:
D:1:      saegor_arrival_simple_f
D:2:      okawaru_ov_weapons_minmay, nicolae_gozag_seed_capital,
          kennysheep_generic_room_6
D:3:      minivault_19
D:4:      lemuel_zombie_altar_kikubaaqudgha, kennysheep_little_box,
          zin_statuary, minmay_temple_entry_junction, first_bread, serial_shops,
          shop, bloody_trog, uniq_natasha, uniq_duvessa, uniq_prince_ribbit1,
          uniq_iyjb

Action                   |  1- 3 |  4- 6 || total
-------------------------+-------+-------++-------
Melee: Falchion          |   120 |   112 ||   232
  Use: Scroll            |     2 |       ||     2
       Potion            |       |     1 ||     1
 Stab: Sleeping          |     1 |     2 ||     3
  Eat: Chunk             |     2 |     4 ||     6
